 Dungeon Crawl Stone Soup version 0.31.0-9-g3a7656b989 (webtiles) character file.

Game seed: 13650823857550421691

13835 Kallu the Toxicologist (level 11, -8/73 HPs)
             Began as a Vampire Alchemist on Jan 29, 2024.
             Was a High Priest of Dithmenos.
             Hit by a large rock thrown by a cyclops (45 damage)
             ... on level 11 of the Dungeon.
             The game lasted 00:45:34 (13042 turns).

Kallu the Toxicologist (Vampire Alchemist)         Turns: 13042, Time: 00:45:35

Health: -8/73      AC:  0    Str:  5 (7)  XL:     11   Next: 80%
Magic:  23/23      EV: 22    Int: 19 (21) God:    Dithmenos [*****.]
Gold:   637        SH:  0    Dex: 19 (21) Spells: 16/26 levels left

rFire   . . .        a - melded +4 long sword (freeze)
rCold   + + .        (shield currently unavailable)
rNeg    + + +        C - melded +0 troll leather armour
rPois   ∞            i - melded +0 helmet
rElec   .            w - melded +0 cloak
rCorr   .            o - melded +2 pair of gloves
SInv    +            (boots currently unavailable)
Will    +....        (no amulet)
Stlth   ++++++++     n - melded ring of willpower
HPRegen 0.00/turn    (ring currently unavailable)
MPRegen 0.18/turn

%: no passive effects
@: bat-form, flying, bloodless, inhibited regen, wreathed by umbra, studying
Fighting, very quick
A: fast, flying, no casting, tiny, bloodless, fangs 3, see invisible, vampiric 2
a: Revivify, End Transformation, Renounce Religion, Shadow Step, Shadow Form


You were on level 11 of the Dungeon.
You worshipped Dithmenos.
Dithmenos was extremely pleased with you.
You were a vampire bat.
You visited 1 branch of the dungeon, and saw 11 of its levels.
You also visited: Bailey and Ice Cave.

You collected 637 gold pieces.

Inventory:

Hand Weapons
 a - a +4 long sword of freezing (melded)
Missiles
 s - 2 poisoned darts
 D - 6 javelins
 H - 5 datura-tipped darts
Armour
 i - a +0 helmet (melded)
 o - a +2 pair of gloves (melded)
 w - a +0 cloak (melded)
 C - a +0 troll leather armour (melded)
Magical Staves
 m - a staff of cold
Jewellery
 g - the ring of Buseur {rC+ Dex+4 Slay+2}
   (You took it off an orc wizard on level 9 of the Dungeon)

   [ring of protection from cold]

   Dex+4:     It affects your dexterity (+4).
   Slay+2:    It affects your accuracy & damage with ranged weapons and melee
   (+2).
   rC+:       It protects you from cold.
 n - a ring of willpower (melded)
 v - a +6 ring of intelligence
Wands
 l - a wand of polymorph (9)
 y - a wand of paralysis (4)
 F - a wand of digging (6)
Scrolls
 c - 2 scrolls of vulnerability
 f - a scroll of poison {unknown}
 k - 3 scrolls of noise
 p - 4 scrolls of teleportation
 u - a scroll of enchant armour
 x - 2 scrolls of blinking
 E - a scroll of acquirement
 G - a scroll of immolation
Potions
 b - 2 potions of magic
 d - 4 potions of curing
 e - 3 potions of attraction {unknown}
 h - 3 potions of brilliance {unknown}
 j - a potion of haste {unknown}
 r - 2 potions of might {unknown}
 t - a potion of berserk rage {unknown}
 z - 2 potions of enlightenment {unknown}
 A - 5 potions of heal wounds {unknown}
 B - a potion of invisibility {unknown}


   Skills:
 + Level 10.3 Fighting
 - Level 5.0 Long Blades
 - Level 5.0 Dodging
 - Level 5.0 Stealth
 - Level 8.0 Spellcasting
 - Level 1.0 Conjurations
 - Level 2.0 Fire Magic
 - Level 2.0 Air Magic
 - Level 12.8 Alchemy
 - Level 4.0 Evocations


You had 16 spell levels left.
You knew the following spells:

 Your Spells              Type           Power      Damage    Failure   Level
a - Sting                 Conj/Alch      100%       1d9       1%          1
b - Mercury Vapours       Alch/Air       70%        N/A       1%          2
c - Mephitic Cloud        Conj/Alch/Air  27%        N/A       3%          3
d - Sticky Flame          Fire/Alch      35%        2d7       4%          4

Your spell library contained the following spells:

 Spells                   Type           Power      Damage    Failure   Level
 Olgreb's Toxic Radiance  Alch           54%        N/A       1%          4
 Scorch                   Fire           30%        2d6       6%          2
 Leda's Liquefaction      Alch/Erth      16%        N/A       6%          4
 Apportation              Tloc           14%        N/A       9%          1
 Necrotise                Necr           28%        1d5       9%          1
 Summon Small Mammal      Summ           28%        N/A       9%          1
 Swiftness                Air            15%        N/A       12%         3
 Ensorcelled Hibernation  Hex/Ice        14%        N/A       14%         2
 Passwall                 Erth           7%         N/A       26%         3
 Flame Wave               Conj/Fire      13%        2d6       43%         4
 Lee's Rapid Deconstruct  Erth           3%         3d5*      94%         5
 Bombard                  Conj/Erth      4%         9d2       100%        6
 Summon Cactus Giant      Summ           3%         N/A       100%        6


Dungeon Overview and Level Annotations

Branches:
Dungeon (11/15)            Temple (0/1) D:7             Orc (0/2) D:9
 Bailey (visited)           IceCv (visited)
   Lair: D:8-11

Altars:
Dithmenos
Fedhas
Gozag
Makhleb
Sif Muna
Trog
Uskayaw
Vehumet

Shops:
D:4 *

Annotations:
D:3 Grinder
D:5 2 transporters, chipmonk's ghost, novice MfFi
D:8 1 runed translucent door, Melody's ghost, novice TrFi


Innate Abilities, Weirdness & Mutations

You are a vampire bat.
You are tiny and dextrous.
You move quickly.
You are flying.
You are immune to poison.
Your equipment is almost entirely melded.
You are incapable of wielding weapons or throwing items.
You cannot cast spells.
You do not regenerate when monsters are visible.
You are frail without blood (-20% HP).
You can heal yourself when you bite living creatures.
You are immune to poison.
You have razor-sharp teeth.
You have supernaturally acute eyesight. (SInv)
You are afflicted with vampirism and can become a bat while bloodless.


Message History

The sticky flame hits the slime creature.
The slime creature is severely wounded.
The slime creature burns!
The slime creature hits you! The slime creature barely misses you.
The slime creature burns!
You kill the slime creature!
Dithmenos accepts your kill.
You turn into a vampire bat.
Your +4 long sword of freezing melds into your body.
Your +0 cloak melds into your body.
Your +0 helmet melds into your body.
Your +2 pair of gloves melds into your body.
Your +0 troll leather armour melds into your body.
Your ring of willpower melds into your body.
Your +4 long sword of freezing stops glowing.
You feel weakened.
You feel dopey.
You feel clumsy. The slime creature misses you.
Two slime creatures merge to form a large slime creature.
The slime creature attacks as it pursues you!
The slime creature completely misses you.
There is an ice choked empty arch of ancient stone here.
There is an ice covered gate leading back out of this place here.
Welcome back to the Dungeon!
There is a collapsed entrance here.
You start resting.
Magic restored.
You start resting.
A cyclops comes into view.
You can't go up here!
Okay, then.
Found an escape hatch in the ceiling.
The cyclops throws a large rock.
The large rock misses you.
The cyclops throws a large rock.
The large rock hits you.
You begin the revivification ritual.
You continue your ritual. x2
The cyclops completely misses you.
You continue your ritual.
The cyclops hits you!!
You stop revivifying.
Okay, then.
The cyclops throws a large rock.
The large rock hits you!!!
Ouch! That really hurt!
You die...

#.###.<. #.#.?....# #. #......
#.....Y..# ..##.###.....#
####......# #. ....?.....>.#
..........# ##. .)......C..#
......##... .... #..##......#
###.. #... .....#..##......#
#. #... .....#..##......#
#...##..# #............b# .#
#...##..# #.............# .#
#...##..# #.............# .#
#...##..# #.............# .#
#...##..# #.............# #.#
#...##..# #..#..##......####.#
#...##..# #..#..##...#.......#
#...##..# #..........#...##..#
#.......#
#.###......#...##..###.......#


You could see a cyclops.

Vanquished Creatures
  4 two-headed ogres
  A boulder beetle (D:10)
  A death yak (D:11)
  A kobold demonologist (D:9)
  4 trolls
  5 slime creatures
  2 shadows
  10 yaks
  Eustachio (D:5)
  2 steam dragons
  2 water moccasins
  A great orb of eyes simulacrum (IceCv)
  2 sky beasts (D:7)
  An ice beast (D:7)
  16 orc warriors
  2 ogres
  11 centaurs (Bailey)
  A slime creature simulacrum (IceCv)
  9 bullfrogs
  A glowing shapeshifter simulacrum (IceCv)
  3 scorpions
  9 wights
  14 killer bees
  4 howler monkeys
  2 bombardier beetles
  7 hounds
  3 orc priests
  2 gnoll boudas
  A sleepcap (D:5)
  2 iguanas
  9 orc wizards
  Terence (D:2)
  2 spriggan simulacra (D:11)
  9 gnolls
  5 adders
  A naga simulacrum (D:11)
  2 shadow imps
  2 white imps
  2 ufetubi (D:5)
  6 dart slugs
  2 ribbon worms
  50 orcs
  4 endoplasms
  4 giant cockroaches
  8 goblins
  8 hobgoblins
  2 jackals (D:5)
  2 quokkas
  9 ball pythons
  5 bats
  A frilled lizard (D:3)
  4 kobolds
  4 rats
266 creatures vanquished.

Vanquished Creatures (others)
  An orc (D:8)
1 creature vanquished.

Grand Total: 267 creatures vanquished

Notes
Turn   | Place    | Note
-------+----------+-------------------------------------------
     0 | D:1      | Kallu the Vampire Alchemist began the quest for the Orb.
     0 | D:1      | Reached XP level 1. HP: 13/13 MP: 3/3
   286 | D:1      | Reached XP level 2. HP: 19/19 MP: 3/5
   297 | D:1      | Found a faded altar of an unknown god.
   365 | D:1      | Prayed at the altar of an unknown god.
   365 | D:1      | Became a worshipper of Dithmenos the Shadowed
   365 | D:1      | Reached * piety under Dithmenos
   412 | D:1      | Learned a level 2 spell: Mercury Vapours
   916 | D:2      | Gained mutation: You are afflicted with vampirism and can
                  | become a bat while bloodless. [Vampire growth]
   916 | D:2      | Reached XP level 3. HP: 24/24 MP: 7/7
   972 | D:2      | Noticed Terence
  1009 | D:2      | Killed Terence
  1010 | D:2      | Reached skill level 4 in Alchemy
  1469 | D:3      | Noticed a scorpion
  1476 | D:3      | Killed a scorpion
  1477 | D:3      | Reached skill level 5 in Alchemy
  1477 | D:3      | Reached XP level 4. HP: 24/24 MP: 4/8
  1481 | D:3      | Learned a level 3 spell: Mephitic Cloud
  1632 | D:3      | Noticed Grinder
  1908 | D:4      | Noticed a phantom
  1919 | D:4      | Reached XP level 5. HP: 26/28 MP: 6/9
  1955 | D:4      | Reached skill level 6 in Alchemy
  1955 | D:4      | Reached skill level 1 in Fighting
  2237 | D:4      | Reached ** piety under Dithmenos
  2254 | D:4      | Reached skill level 1 in Conjurations
  2254 | D:4      | Reached skill level 1 in Air Magic
  2378 | D:4      | Reached XP level 6. HP: 18/35 MP: 2/10
  2946 | D:4      | Found Bunt's Assorted Antiques.
  3228 | D:4      | Found a burning altar of Makhleb.
  3266 | D:5      | Entered Level 5 of the Dungeon
  3266 | D:5      | Noticed Eustachio
  3291 | D:5      | Killed Eustachio
  3292 | D:5      | Reached skill level 7 in Alchemy
  3292 | D:5      | Reached XP level 7. HP: 26/40 MP: 0/13
  3423 | D:5      | Found a blossoming altar of Fedhas.
  3426 | D:5      | Found a hide-covered altar of Uskayaw.
  3428 | D:5      | Found an opulent altar of Gozag.
  3457 | D:5      | Found a transporter.
  3463 | D:5      | Noticed chipmonk's ghost (novice MfFi)
  4479 | D:5      | Found a transporter.
  4587 | D:6      | Reached skill level 1 in Fire Magic
  4592 | D:6      | Learned a level 4 spell: Sticky Flame
  4658 | D:6      | Reached XP level 8. HP: 10/48 MP: 1/14
  4875 | D:6      | Reached skill level 8 in Alchemy
  5460 | D:7      | Reached skill level 5 in Spellcasting
  5790 | D:7      | Reached skill level 9 in Alchemy
  5967 | D:7      | Reached *** piety under Dithmenos
  6064 | D:7      | Reached skill level 5 in Fighting
  6261 | D:7      | Reached XP level 9. HP: 55/55 MP: 11/16
  6307 | D:7      | Found a staircase to the Ecumenical Temple.
  6553 | D:7      | Reached skill level 1 in Evocations
  6663 | D:7      | Reached skill level 1 in Long Blades
  8017 | D:9      | Noticed a troll
  8381 | D:8      | Reached skill level 5 in Dodging
  8590 | D:8      | Reached skill level 10 in Alchemy
  8773 | D:8      | Found a runed translucent door.
  8773 | D:8      | Noticed a centaur warrior
  8773 | D:8      | Noticed Melody's ghost (novice TrFi)
  8882 | D:9      | Reached XP level 10. HP: 44/60 MP: 10/17
  9012 | D:9      | Reached skill level 5 in Stealth
  9022 | D:9      | Noticed a two-headed ogre
  9139 | D:9      | Reached **** piety under Dithmenos
  9471 | D:9      | Killed a two-headed ogre
  9541 | D:9      | Noticed a two-headed ogre
  9546 | D:9      | Killed a two-headed ogre
  9609 | D:9      | Found a staircase to the Orcish Mines.
  9731 | D:9      | Found a bloodstained altar of Trog.
  9735 | D:9      | Found a shimmering blue altar of Sif Muna.
  9860 | D:9      | Identified the ring of Buseur {rC+ Dex+4 Slay+2}
 10073 | D:10     | Entered Level 10 of the Dungeon
 10170 | D:10     | Found a flagged portal.
 10206 | Bailey   | Entered a bailey
 10371 | Bailey   | Reached skill level 11 in Alchemy
 10794 | Bailey   | Reached ***** piety under Dithmenos
 10805 | Bailey   | Reached skill level 12 in Alchemy
 10805 | Bailey   | Reached XP level 11. HP: 43/64 MP: 12/23
 11500 | D:10     | Noticed a two-headed ogre
 11547 | D:10     | Killed a two-headed ogre
 11548 | D:10     | Reached skill level 5 in Long Blades
 11719 | D:10     | Noticed a boulder beetle
 11731 | D:10     | Killed a boulder beetle
 12390 | D:11     | Found a radiant altar of Vehumet.
 12497 | D:11     | Noticed a death yak
 12501 | D:11     | Noticed a two-headed ogre
 12510 | D:11     | Killed a death yak
 12514 | D:11     | Killed a two-headed ogre
 12515 | D:11     | Noticed a death yak
 12669 | D:11     | Found a frozen archway.
 12700 | IceCv    | Entered an ice cave
 12712 | IceCv    | Reached skill level 10 in Fighting
 12834 | IceCv    | Noticed a quicksilver ooze
 13042 | D:11     | Hit by a large rock thrown by a cyclops

Illustrated notes

Levels and vault maps discovered:
D:1:      sevenhm_arrival_forest_fort_small_5, layout_basic,
          chequers_ecumenical_altar_simple_redux
D:2:      layout_loops_ring, uniq_terence
D:3:      layout_rooms, uniq_grinder
D:4:      layout_cave_pools, mainiacjoe_overflow_alcove_4, serial_shops, shop,
          kennysheep_cluttered_room, grunt_ministairs_6
D:5:      layout_loops_ring, grunt_temple_overflow_open,
          gammafunk_ghost_stat_death, nicolae_twisty_statue_hallways,
          uniq_eustachio
D:6:      layout_cave_pools
D:7:      layout_cave_pools, temple_doors_cd, nicolae_letterblocks
          [nicolae_letter_subblock, nicolae_letter_subblock,
          nicolae_letter_subblock, nicolae_letter_subblock,
          nicolae_letter_subblock, nicolae_letter_subblock,
          nicolae_letter_subblock, nicolae_letter_subblock,
          nicolae_letter_subblock, nicolae_letter_subblock,
          nicolae_letter_subblock, nicolae_letter_subblock,
          nicolae_letter_subblock, nicolae_letter_subblock,
          nicolae_letter_subblock, nicolae_letter_subblock,
          nicolae_letter_subblock, nicolae_letter_subblock,
          nicolae_letter_subblock, nicolae_letter_subblock,
          nicolae_letter_subblock, nicolae_letter_subblock,
          nicolae_letter_subblock, nicolae_letter_subblock,
          nicolae_letter_subblock]
D:8:      layout_cave_pods, ebering_ghost_inner_flame
D:9:      layout_roguey, hellmonk_overflow_destroyed_library, david_orc_2
D:10:     layout_long_grid, enter_bailey_5, lightli_fourway_metalbox
D:11:     layout_long_grid, dpeg_lair_monsters,
          portal_ice_cave_entry_ice_simulacra, vehumet_crystals

Skill      XL: |  1  2  3  4  5  6  7  8  9 10 11 |
---------------+----------------------------------+-----
Spellcasting   | 3 4 5 8 |  8.0
Alchemy        | 5 6 7 9 10 12 | 12.8
Fighting       | 2 4 5 6 10 | 10.3
Conjurations   | 1 |  1.0
Air Magic      | 1 2 |  2.0
Fire Magic     | 1 2 |  2.0
Evocations     | 2 4 |  4.0
Long Blades    | 4 5 |  5.0
Dodging        | 5 |  5.0
Stealth        | 4 5 |  5.0

Action                     |  1- 3 |  4- 6 |  7- 9 | 10-12 || total
---------------------------+-------+-------+-------+-------++-------
  Melee: Dagger            |    54 |    76 |       |       ||   130
         Unarmed           |     2 |     4 |     4 |       ||    10
         Bite              |     5 |    11 |    21 |    25 ||    62
         Punch             |     1 |     1 |     2 |     3 ||     7
         Rapier            |       |       |   132 |       ||   132
         Long sword        |       |       |    64 |   145 ||   209
         Great sword       |       |       |       |     5 ||     5
   Cast: Sting             |    32 |    70 |   133 |    95 ||   330
         Mercury Vapours   |     1 |     4 |    14 |     5 ||    24
         Mephitic Cloud    |       |     5 |    10 |    27 ||    42
         Sticky Flame      |       |       |    15 |    39 ||    54
Ability: Exsanguinate      |     1 |       |       |       ||     1
         Bat Form          |       |     1 |     2 |     2 ||     5
         End Transformatio |       |     1 |     2 |     1 ||     4
         Revivify          |       |       |       |     2 ||     2
  Evoke: Wand              |       |       |    17 |       ||    17
    Use: Scroll            |       |     3 |     2 |     3 ||     8
   Stab: Sleeping          |     4 |     4 |     7 |     5 ||    20
         Confused          |       |     3 |     3 |     1 ||     7
         Distracted        |       |       |       |     1 ||     1
 Armour: Robe              |    26 |    56 |   262 |    31 ||   375
         Skin              |       |     1 |     1 |     4 ||     6
         Troll leather arm |       |       |       |   142 ||   142
  Dodge: Dodged            |    36 |    69 |   357 |   236 ||   698
